 Dungeon Crawl Stone Soup version 0.29.1-1-gd02db6906a (webtiles) character file.

Game seed: 14988751089251909361

962 Earthwalker the Shield-Bearer (level 7, 0/62 HPs)
             Began as a Minotaur Fighter on Oct 12, 2022.
             Was a Believer of Okawaru.
             Succumbed to an orc priest's poison
             ... on level 5 of the Dungeon.
             The game lasted 00:11:01 (5254 turns).

Earthwalker the Shield-Bearer (Minotaur Fighter)    Turns: 5254, Time: 00:11:02

Health: 0/62       AC:  7    Str: 22    XL:     7   Next: 92%
Magic:  6/6        EV: 10    Int:  5    God:    Okawaru [**....]
Gold:   260        SH:  5    Dex: 10    Spells: 6/6 levels left

rFire   . . .      SeeInvis .   a - +0 war axe (flame)
rCold   + . .      Faith    .   c - +0 buckler
rNeg    . . .      Spirit   .   b - +0 scale mail
rPois   .          Reflect  .   (helmet restricted)
rElec   .          Harm     .   (no cloak)
rCorr   .          Rampage  .   (no gloves)
Will    .....                   (no boots)
Stlth   ..........              (no amulet)
HPRegen 0.20/turn               g - ring of ice
MPRegen 0.10/turn               i - ring of protection from fire

@: lethally poisoned (0 -> -13)
A: horns 2, retaliatory headbutt
a: Renounce Religion, Heroism


You were on level 5 of the Dungeon.
You worshipped Okawaru.
Okawaru was pleased with you.
You visited 1 branch of the dungeon, and saw 5 of its levels.
You also visited: Sewer.

You collected 260 gold pieces.

Inventory:

Hand Weapons
 a - a +0 war axe of flaming (weapon)
Missiles
 h - 3 boomerangs (quivered)
 l - 10 poisoned darts
Armour
 b - a +0 scale mail (worn)
 c - a +0 buckler (worn)
Jewellery
 g - a ring of ice (left hand)
 i - a ring of protection from fire (right hand)
Wands
 n - a wand of flame (19)
 s - a wand of acid (6)
Scrolls
 e - 6 scrolls of identify
 f - 2 scrolls of poison
 o - 2 scrolls of vulnerability {unknown}
 p - 2 scrolls of blinking {unknown}
 r - a scroll of magic mapping {unknown}
Potions
 d - 2 potions of might
 j - a potion of invisibility
 k - 3 potions of lignification {unknown}
 m - a potion of magic {unknown}
 q - 2 potions of curing {unknown}
 t - a potion of degeneration {unknown}


   Skills:
 * Level 5.7 Fighting
 * Level 5.0 Axes
 * Level 3.2 Throwing
 * Level 5.8 Armour
 * Level 3.7 Dodging
 * Level 5.8 Shields


You had 6 spell levels left.
You didn't know any spells.
Your spell library was empty.

Dungeon Overview and Level Annotations

Branches:
Dungeon (5/15)             Temple (0/1) D:4           Sewer (visited)

Altars:
Hepliaklqana
Okawaru
Wu Jian

Annotations:
D:3 2 transporters, gromov111999's ghost, amateur SpHu


Innate Abilities, Weirdness & Mutations

You have a pair of horns on your head.
You reflexively headbutt those who attack you in melee.


Message History

Your headbutt misses the orc priest.
The orc priest is heavily wounded.
The orc priest hits you but does no damage.
You are poisoned.
A goblin comes into view. It is wielding a +0 sling.
The orc priest hits you but does no damage.
You are more poisoned.
The goblin shouts!
You hit the orc priest but do no damage.
Your headbutt misses the orc priest.
The orc priest is heavily wounded.
You feel extremely sick.
The orc priest hits you but does no damage.
You are more poisoned.
The goblin shoots a sling bullet.
The sling bullet completely misses you.
You hit the orc priest. You burn the orc priest.
The orc priest is severely wounded.
You feel very sick.
The orc priest hits you with a +1 dagger of venom.
You are lethally poisoned!
The goblin shoots a sling bullet.
The sling bullet hits you but does no damage.
The goblin shoots a sling bullet.
The sling bullet closely misses you.
The orc priest attacks as you move away!
The orc priest barely misses you.
* * * LOW HITPOINT WARNING * * *
You feel extremely sick.
* * * LOW HITPOINT WARNING * * *
You feel very sick.
* * * LOW HITPOINT WARNING * * *
You feel very sick.
You barely miss the orc priest.
The orc priest is severely wounded.
* * * LOW HITPOINT WARNING * * *
You feel very sick. The orc priest barely misses you.
A goblin comes into view. It is wielding a +0 sling.
You hit the orc. You burn the orc.
The orc is almost dead.
You die...

~~~.~. ~~~≈.. ≈~≈~~.
≈≈≈≈~. #####
################ .....#
##.....#.......#.
......###......'.).....#.
.g.g...#.......#########.
......o#@......)......#..
.g...ggo.....).)......'..
.......#.......)......#..
.......#.......#########.
......###......'.).....#.
.....# ##.....#.).....#.
##### ################


You could see an orc and 3 goblins.

Vanquished Creatures
  A water moccasin (D:5)
  2 ice beasts (D:5)
  A bullfrog (Sewer)
  A scorpion (D:3)
  A jelly (D:4)
  3 hounds
  Jessica (D:3)
  Natasha (thrice) (D:2)
  An iguana (D:4)
  An orc wizard (D:4)
  Robin (D:4)
  3 gnolls
  8 adders
  An ufetubus (D:4)
  2 worms (D:5)
  11 orcs
  6 bats
  19 endoplasms
  9 giant cockroaches
  14 goblins
  17 hobgoblins
  5 jackals
  6 kobolds
  12 quokkas
  11 ball pythons
  10 frilled lizards
  5 rats
  8 bushes (D:3)
163 creatures vanquished.

Vanquished Creatures (others)
  7 fungi (D:3)
7 creatures vanquished.

Grand Total: 170 creatures vanquished

Notes
Turn   | Place    | Note
-------+----------+-------------------------------------------
     0 | D:1      | Earthwalker the Minotaur Fighter began the quest for the
                  | Orb.
     0 | D:1      | Reached XP level 1. HP: 19/19 MP: 0/0
   365 | D:1      | Reached XP level 2. HP: 27/27 MP: 1/1
   986 | D:2      | Reached XP level 3. HP: 33/33 MP: 2/2
  1183 | D:2      | Found a faded altar of an unknown god.
  1590 | D:2      | Noticed Natasha
  1595 | D:2      | Killed Natasha
  1596 | D:2      | Reached skill level 1 in Throwing
  1596 | D:2      | Reached skill level 1 in Dodging
  1596 | D:2      | Reached XP level 4. HP: 40/40 MP: 3/3
  1628 | D:2      | Noticed Natasha
  1633 | D:2      | Killed Natasha
  1786 | D:2      | Noticed Natasha
  1794 | D:2      | Killed Natasha
  2050 | D:3      | Found a transporter.
  2052 | D:3      | Noticed gromov111999's ghost (amateur SpHu)
  2058 | D:3      | Reached XP level 5. HP: 47/47 MP: 4/4
  2293 | D:3      | Found an iron altar of Okawaru.
  2300 | D:3      | Became a worshipper of Warmaster Okawaru
  2554 | D:3      | Noticed Jessica
  2559 | D:3      | Killed Jessica
  2768 | D:3      | Found a transporter.
  2887 | D:4      | Identified the +6 dagger of the Walnut {vamp, rElec Will-
                  | Int+4}
  2911 | D:4      | Reached XP level 6. HP: 5/53 MP: 5/5
  3302 | D:4      | Noticed Robin
  3310 | D:4      | Killed Robin
  3456 | D:4      | Found a hazy altar of Hepliaklqana.
  3465 | D:4      | Found an ornate altar of the Wu Jian Council.
  3504 | D:4      | Found a staircase to the Ecumenical Temple.
  3618 | D:4      | Reached * piety under Okawaru
  3619 | D:4      | Reached skill level 5 in Armour
  3644 | D:4      | Reached skill level 5 in Shields
  3693 | D:4      | Reached skill level 5 in Fighting
  4101 | D:5      | Entered Level 5 of the Dungeon
  4159 | D:5      | Noticed an ice beast
  4164 | D:5      | Killed an ice beast
  4164 | D:5      | Noticed a water moccasin
  4165 | D:5      | Reached XP level 7. HP: 61/61 MP: 6/6
  4382 | D:5      | Found a glowing drain.
  4406 | Sewer    | Entered a sewer
  4792 | D:5      | Reached skill level 5 in Axes
  5096 | D:5      | Reached ** piety under Okawaru
  5253 | D:5      | HP: 3/62 [poisoned by an orc priest]
  5254 | D:5      | Succumbed to an orc priest's poison

Illustrated notes

Levels and vault maps discovered:
D:1:      matt_arrival_diagonals, layout_loops_corners
D:2:      layout_basic, hellmonk_ecumenical_altar_blasted, uniq_natasha
D:3:      layout_loops_cross, mainiacjoe_overflow_chevrons,
          gammafunk_ghost_mausoleum, kennysheep_generic_room_13, uniq_jessica
D:4:      layout_rooms, mainiacjoe_overflow_swirl, temple_hall,
          grunt_tough_drop, uniq_robin
D:5:      minmay_goblin_kobold_castle, layout_loops_ring,
          nicolae_qazlal_style_of_elements, cheibrodos_sewer_entry_bend,
          kennysheep_generic_room_10, uniq_crazy_yiuf_cottage

Skill      XL: |  1  2  3  4  5  6  7 |
---------------+----------------------+-----
Shields        | 4 5 |  5.8
Fighting       | 4 5 |  5.7
Axes           | 3 4 5 |  5.0
Armour         | 4 5 |  5.8
Throwing       | 1 2 3 |  3.2
Dodging        | 1 2 3 |  3.7

Action                   |  1- 3 |  4- 6 |  7- 9 || total
-------------------------+-------+-------+-------++-------
Melee: War axe           |    84 |   299 |   126 ||   509
       Headbutt          |    13 |    87 |    12 ||   112
Throw: Boomerang         |       |     5 |     3 ||     8
  Use: Scroll            |     1 |     2 |       ||     3
Armor: Scale mail        |    38 |    39 |    58 ||   135
Dodge: Dodged            |    37 |    64 |    77 ||   178
Block: Buckler           |    23 |    27 |    40 ||    90
